 Dungeon Crawl Stone Soup version 0.31-a0-841-g038b102fc3 (webtiles) character file.

Game seed: 7393349518198362306

4 Shayle the Conjurer (level 1, -1/14 (16) HPs)
             Began as a Demonspawn Reaver on Sept 27, 2023.
             Slain by a hobgoblin (3 damage)
             ... on level 1 of the Dungeon.
             The game lasted 00:00:34 (68 turns).

Shayle the Conjurer (Demonspawn Reaver)               Turns: 68, Time: 00:00:34

HP:   -1/14 (16)    AC:  3    Str: 12    XL:     1   Next: 50%
MP:   2/3           EV: 11    Int: 14    God:
Gold: 0             SH:  0    Dex: 11    Spells: 3/4 levels left

rFire   . . .        a - +0 spear
rCold   . . .        (no shield)
rNeg    . . .        b - +0 leather armour
rPois   .            (no helmet)
rElec   .            (no cloak)
rCorr   .            (no gloves)
SInv    .            (no boots)
Will    .....        (no amulet)
Stlth   +            (no ring)
HPRegen 0.22/turn    (no ring)
MPRegen 0.08/turn

%: no passive effects
@: heavily drained
A: no striking features
a: no special abilities


You were on level 1 of the Dungeon.
You visited 1 branch of the dungeon, and saw 1 of its levels.

Inventory:

Hand Weapons
 a - a +0 spear (weapon)
Armour
 b - a +0 leather armour (worn)
Scrolls
 c - a scroll of identify {unknown}


   Skills:
 + Level 2.1 Fighting
 - Level 2.6 Polearms
 - Level 1.7 Dodging
 + Level 2.1 Spellcasting
 - Level 3.0 Conjurations
 + Level 0.5 Necromancy


You had 3 spell levels left.
You knew the following spells:

 Your Spells              Type           Power      Damage    Failure   Level
a - Kiss of Death         Conj/Necr      24%        2d7       14%         1

Your spell library contained the following spells:

 Spells                   Type           Power      Damage    Failure   Level
 Momentum Strike          Conj/Tloc      10%        3d8       24%         2
 Hailstorm                Conj/Ice       5%         3d4       43%         3


Dungeon Overview and Level Annotations

Branches:
Dungeon (1/15)

Altars:


Message History

The hobgoblin barely misses you.
A goblin comes into view. It is wielding a +0 club.
The goblin shouts!
The bat hits you but does no damage. The bat barely misses you.
You barely miss the hobgoblin. The bat hits you but does no damage.
The goblin hits you with a +0 club. The bat barely misses you.
You hit the hobgoblin.
The hobgoblin is moderately wounded.
The bat misses you. The goblin hits you with a +0 club. The hobgoblin hits you.
The bat barely misses you. The goblin hits you with a +0 club.
* * * LOW HITPOINT WARNING * * *
The bat hits you but does no damage.
You closely miss the bat. The bat hits you.
* * * LOW HITPOINT WARNING * * *
You aren't carrying any potions.
You hit the bat.
The bat is moderately wounded.
The bat closely misses you.
You hit the bat.
The bat is severely wounded.
The bat hits you.
* * * LOW HITPOINT WARNING * * *
The bat barely misses you.
You hit the bat.
You kill the bat!
You hit the hobgoblin but do no damage.
The hobgoblin is moderately wounded.
The hobgoblin hits you.
* * * LOW HITPOINT WARNING * * *
Casting: Kiss of Death (safe; 16% risk of failure)
Confirm with . or Enter, or press ? or * to list all spells.
Aiming: Kiss of Death (safe; 16% risk of failure)
Press: ? - help, Shift-Dir - straight line, f - hobgoblin
Aim: a hobgoblin (moderately wounded, 100% to hit)
The negative energy hits the hobgoblin!
The hobgoblin is drained!
You kill the hobgoblin!
You feel drained.
You closely miss the hobgoblin. The hobgoblin hits you.
You die...

###....#.#..........
.).......+...>......
#.....#.#?!........
..#.....#.#.........
..#.....#.#.....####
#...............#
...........###.##
...........###.######
.........#.@gg......#
.........####.......#
#######..# #.......#
##..<..##.#
#.........
#(......#.#
#..#......
#.......#.#
#..#......
#...§...#.#
#..#......
#.§§§§.§#.####..#
.... #§§≈§§§.#...#


You could see a hobgoblin and a goblin.

Vanquished Creatures
  A bat (D:1)
  2 hobgoblins (D:1)
3 creatures vanquished.

Notes
Turn   | Place    | Note
-------+----------+-------------------------------------------
     0 | D:1      | Shayle the Demonspawn Reaver began the quest for the Orb.
     0 | D:1      | Reached XP level 1. HP: 16/16 MP: 3/3
    68 | D:1      | Slain by a hobgoblin

Illustrated notes

Levels and vault maps discovered:
D:1:      lemuel_arrival_lava_pool, layout_basic, serial_bayou_pond_e

Action                     || total
---------------------------++-------
  Melee: Spear             ||    10
   Cast: Kiss of Death     ||     1
 Armour: Leather armour    ||    13
  Dodge: Dodged            ||     8

Table legend: (Time is in decaauts)
 A = Elapsed time spent in this place.
 B = Non-inter-level travel time spent in this place.
 C = Inter-level travel time spent in this place.
 D = Time resting spent in this place.
 E = Time spent auto-exploring this place.
 F = Levels seen in this place.
 G = Mean time per level.
                   A        B        C        D        E       F      G
               +--------+--------+--------+--------+--------+-----+--------+
         Total |     67 |     67 |      0 |      0 |     35 |   1 |   67.0 |
       Dungeon |     67 |     67 |      0 |      0 |     35 |   1 |   67.0 |
               +--------+--------+--------+--------+--------+-----+--------+

Top non-repeatable levels by time:
     D:1: 67 daAuts
